 Dungeon Crawl Stone Soup version 0.30-a0-339-g89bb51ec76 (webtiles) character file.

Game seed: 16544839962068270123

8 bande the Trooper (level 2, -5/19 HPs)
             Began as a Gargoyle Fighter on Nov 1, 2022.
             Slain by a gnoll
             ... wielding a +0 club
              (6 damage)
             ... on level 1 of the Dungeon.
             The game lasted 00:00:18 (77 turns).

bande the Trooper (Gargoyle Fighter)                  Turns: 77, Time: 00:00:19

Health: -5/19      AC:  9    Str: 19    XL:     2   Next: 8%
Magic:  2/2        EV:  9    Int:  8    God:
Gold:   29         SH:  4    Dex:  9    Spells: 1/1 levels left

rFire   . . .      SeeInvis .    a - +0 war axe
rCold   . . .      Faith    .    c - +0 buckler
rNeg    + . .      Spirit   .    b - +0 scale mail
rPois   ∞          Reflect  .    (no helmet)
rElec   +          Harm     .    (no cloak)
rCorr   .          Rampage  .    (no gloves)
Will    .....                    (no boots)
Stlth   ..........               (no amulet)
HPRegen 0.23/turn                (no ring)
MPRegen 0.08/turn                (no ring)

@: no status effects
A: sickness immunity, AC +2, negative energy resistance 1, electricity
resistance, torment resistance 1, petrification resistance
a: no special abilities


You were on level 1 of the Dungeon.
You visited 1 branch of the dungeon, and saw 1 of its levels.

You collected 29 gold pieces.

Inventory:

Hand Weapons
 a - a +0 war axe (weapon)
Armour
 b - a +0 scale mail (worn)
 c - a +0 buckler (worn)
Potions
 d - a potion of might
 e - a potion of degeneration {unknown}
 f - a potion of curing {unknown}
 g - a potion of lignification {unknown}


   Skills:
 + Level 3.5 Fighting
 + Level 2.0 Axes
 + Level 3.4 Armour
 + Level 3.4 Shields


You had one spell level left.
You didn't know any spells.
Your spell library was empty.

Dungeon Overview and Level Annotations

Branches:
Dungeon (1/15)

Altars:


Innate Abilities, Weirdness & Mutations

You are immune to sickness and miasma.
Your stone body is resilient. (AC +2)
You are immune to poison.
You resist negative energy. (rN+)
You are resistant to electric shocks. (rElec)
You are resistant to unholy torment.
You are immune to petrification.


Message History

Unknown command.
You hit the endoplasm but do no damage. You barely miss the ball python.
You barely miss the bat. The bat barely misses you. The ball python bites you.
The ball python closely misses you. The endoplasm barely misses you.
Unknown command.
You slash the endoplasm!
You kill the endoplasm!
You closely miss the bat. You closely miss the ball python. The bat hits you.
The bat hits you but does no damage. You block the ball python's attack.
The ball python closely misses you. The ball python barely misses you.
The ball python grabs you. The ball python constricts you.
Your Axes skill increases to level 2!
You have reached level 2!
You escape the ball python's grasp.
The bat hits you but does no damage.
The ball python bites you but does no damage.
The ball python grabs you. The ball python constricts you.
The gnoll barely misses you.
You escape the ball python's grasp.
The bat hits you but does no damage. The gnoll barely misses you.
The ball python bites you but does no damage.
The ball python barely misses you.
Unknown command.
You completely miss the gnoll. You completely miss the bat.
You slash the ball python!
You kill the ball python!
The bat barely misses you. The bat hits you but does no damage.
The gnoll barely misses you.
Unknown command.
You closely miss the gnoll. The gnoll hits you but does no damage.
The bat hits you but does no damage. The gnoll closely misses you.
Unknown command.
You hit the gnoll but do no damage. You hit the bat.
You kill the bat!
The gnoll barely misses you.
You barely miss the gnoll. The gnoll barely misses you.
The gnoll hits you with a +0 club.
* * * LOW HITPOINT WARNING * * *
Unknown command.
You barely miss the gnoll. The gnoll hits you with a +0 club.
You die...
P

P.# .♣♣♣..#
##.♣P..# P
#.PPPP.+ ..
......#.. ..P
#........
..P.###..####.#
.PP.....>......
.P....g@.......
....###).####..
###. #...# .
###.##..## ..
...#...###....
..###.#.#........
.................
..
.###.#.#...(....
..#
#.......#######


You could see a gnoll.

Vanquished Creatures
  An endoplasm (D:1)
  A goblin (D:1)
  A kobold (D:1)
  A ball python (D:1)
  3 bats (D:1)
  A frilled lizard (D:1)
8 creatures vanquished.

Vanquished Creatures (others)
  2 plants (D:1)
2 creatures vanquished.

Grand Total: 10 creatures vanquished

Notes
Turn   | Place    | Note
-------+----------+-------------------------------------------
     0 | D:1      | bande the Gargoyle Fighter began the quest for the Orb.
     0 | D:1      | Reached XP level 1. HP: 14/14 MP: 1/1
    71 | D:1      | Reached XP level 2. HP: 6/19 MP: 2/2
    77 | D:1      | Slain by a gnoll

Illustrated notes

Levels and vault maps discovered:
D:1:      minmay_arrival_five_plusses, layout_basic, serial_forest,
          infiniplex_forest_clump_medium, infiniplex_forest_clump_curved,
          infiniplex_forest_end_double, infiniplex_forest_corner_1,
          infiniplex_forest_zigzag_1, infiniplex_forest_corner_1,
          infiniplex_forest_side_room, nicolae_grassy_gnolls

Skill      XL: |  1 |
---------------+----+-----
Axes           | 2 |  2.0
Fighting       | |  3.5
Armour         | |  3.4
Shields        | |  3.4

Action                   || total
-------------------------++-------
Melee: War axe           ||    18
Armor: Scale mail        ||    17
Dodge: Dodged            ||    19
Block: Buckler           ||     3

Table legend: (Time is in decaauts)
 A = Elapsed time spent in this place.
 B = Non-inter-level travel time spent in this place.
 C = Inter-level travel time spent in this place.
 D = Time resting spent in this place.
 E = Time spent auto-exploring this place.
 F = Levels seen in this place.
 G = Mean time per level.
                   A        B        C        D        E       F      G
               +--------+--------+--------+--------+--------+-----+--------+
         Total |     85 |     85 |      0 |      0 |     33 |   1 |   85.0 |
       Dungeon |     85 |     85 |      0 |      0 |     33 |   1 |   85.0 |
               +--------+--------+--------+--------+--------+-----+--------+

Top non-repeatable levels by time:
     D:1: 85 daAuts
